 Dungeon Crawl Stone Soup version 0.23.0 (webtiles) character file.

Game seed: 12350351164634704406

693 grindst0ne the Skirmisher (level 7, -1/46 HPs)
             Began as a Gargoyle Fighter on Feb 9, 2019.
             Was an Initiate of Ru.
             Slain by a slime creature (8 damage)
             ... on level 5 of the Dungeon.
             The game lasted 00:05:20 (3727 turns).

grindst0ne the Skirmisher (Gargoyle Fighter)        Turns: 3727, Time: 00:05:21

Health: -1/46      AC: 16    Str: 22    XL:     7   Next: 64%
Magic:  7/7        EV:  8    Int:  8    God:    Ru [......]
Gold:   293        SH: 10    Dex:  9    Spells: 6/6 levels left

rFire    . . .     SeeInvis .   a - +0 war axe
rCold    . . .     Gourm    .   c - +0 shield
rNeg     + . .     Faith    .   b - +0 scale mail
rPois    ∞         Spirit   .   p - +0 helmet
rElec    +         Reflect  .   h - +0 cloak
rCorr    .         Harm     .   u - +1 pair of gloves
MR       .....                  (no boots)
Stlth    ..........             (no amulet)
HPRegen  0.15/turn              (no ring)
MPRegen  0.10/turn              (no ring)

@: no status effects
A: negative energy resistance 1, electricity resistance, unbreathing,
petrification resistance, rot immunity, AC +4
a: Renounce Religion


You were on level 5 of the Dungeon.
You worshipped Ru.
Ru was noncommittal.
You were not hungry.

You visited 1 branch of the dungeon, and saw 5 of its levels.

You collected 293 gold pieces.

Inventory:

Hand Weapons
 a - a +0 war axe (weapon)
Missiles
 v - 2 throwing nets (quivered)
Armour
 b - a +0 scale mail (worn)
 c - a +0 shield (worn)
 h - a +0 cloak (worn)
 p - a +0 helmet (worn)
 r - a +0 large shield
 u - a +1 pair of gloves (worn)
Jewellery
 t - an uncursed ring of fire
 B - an uncursed ring of resist corrosion {unknown}
Wands
 i - a wand of enslavement (11)
 n - a wand of flame (1)
Scrolls
 k - 2 scrolls of teleportation {unknown}
 m - a scroll of random uselessness {unknown}
 o - a scroll of noise {unknown}
 s - 2 scrolls of magic mapping {unknown}
 w - a scroll of enchant weapon {unknown}
 y - 3 scrolls of amnesia {unknown}
 C - a scroll of fog {unknown}
 F - a scroll of enchant armour {unknown}
Potions
 d - 2 potions of might
 e - 2 potions of agility
 g - a potion of invisibility
 j - a potion of cancellation
 l - a potion of ambrosia {unknown}
 q - 3 potions of brilliance {unknown}
 x - a potion of heal wounds
 z - a potion of mutation {unknown}
 D - a potion of haste
 E - a potion of curing {unknown}
Comestibles
 f - 11 rations


   Skills:
 + Level 6.0 Fighting
 + Level 4.6 Axes
 - Level 3.2 Armour
 + Level 6.0 Shields


You had 6 spell levels left.
You didn't know any spells.
Your spell library was empty.

Dungeon Overview and Level Annotations

Branches:
Dungeon (5/15)
 Temple: D:4-7

Altars:
Dithmenos
Ru
Yredelemnul


Innate Abilities, Weirdness & Mutations

You are resistant to torment.
Your stone body is resilient. (AC +4)
You are immune to poison.
You resist negative energy. (rN+)
You are resistant to electric shocks. (rElec)
You can survive without breathing.
You are immune to petrification.
You are immune to rotting.


Message History

The slime creature is heavily wounded.
The slime creature closely misses you.
You slash the slime creature!
The slime creature is severely wounded.
You block the slime creature's attack. x2
You slash the slime creature!
The slime creature is severely wounded.
The slime creature hits you!
Your shield prevents you from hitting the slime creature.
The slime creature is severely wounded.
You block the slime creature's attack.
You slash the slime creature!
The slime creature is almost dead.
The slime creature hits you but does no damage.
The slime creature hits you!
* * * LOW HITPOINT WARNING * * *
You barely miss the slime creature.
The slime creature is almost dead.
The slime creature hits you!
You die...

# #.#
##))...##
#####.###
#.......#
.##.....#
#.......#
.##.....#
#.......#
..#.....#
#.......#
#.#.....#
####....#
#.#.....#
##..'....#
#.###'###
#.########
#.# #.#
##..)@JJ##
#.###.#
#######J#
#..##.#
JPJP.....#
##.##.#


.JJP.PJP.# #.##.# ..JP÷J.P÷# #.##.# .PJJ..J..# #..#.# .P....÷..# ##.#.#
(J...P.P.# #.#.# ########## You could see a slime creature and 2 jellies.

Vanquished Creatures
  3 big kobolds (D:5)
  A scorpion (D:4)
  A howler monkey (D:5)
  A bullfrog zombie (D:5)
  A hound (D:4)
  2 orc wizards
  3 worker ants
  Robin (D:2)
  4 gnolls (D:3)
  6 adders
  2 oozes
  3 worms
  A dart slug (D:1)
  2 leopard geckos
  5 orcs
  4 giant cockroaches
  12 goblins
  8 hobgoblins
  4 jackals (D:1)
  3 quokkas
  2 ball pythons (D:3)
  9 bats
  8 frilled lizards
  10 kobolds
  A leopard gecko zombie (D:5)
  3 rats
100 creatures vanquished.

Vanquished Creatures (others)
  7 fungi (D:5)
  6 toadstools (D:5)
13 creatures vanquished.

Grand Total: 113 creatures vanquished

Notes
Turn   | Place    | Note
-------+----------+-------------------------------------------
     0 | D:1      | grindst0ne the Gargoyle Fighter began the quest for the
                  | Orb.
     0 | D:1      | Reached XP level 1. HP: 14/14 MP: 1/1
   451 | D:1      | Reached XP level 2. HP: 18/19 MP: 2/2
  1160 | D:2      | Reached XP level 3. HP: 24/24 MP: 3/3
  1271 | D:2      | Noticed Robin
  1289 | D:2      | Killed Robin
  1289 | D:2      | Reached XP level 4. HP: 21/29 MP: 4/4
  2021 | D:3      | Reached XP level 5. HP: 33/34 MP: 5/5
  2373 | D:3      | Found a basalt altar of Yredelemnul.
  2737 | D:4      | Reached skill level 5 in Fighting
  2737 | D:4      | Reached XP level 6. HP: 31/40 MP: 6/6
  2910 | D:4      | Reached skill level 5 in Shields
  2935 | D:4      | Found a shadowy altar of Dithmenos.
  3016 | D:5      | Entered Level 5 of the Dungeon
  3039 | D:5      | Found a sacrificial altar of Ru.
  3097 | D:5      | Became a worshipper of Ru the Awakened
  3288 | D:5      | Reached XP level 7. HP: 43/44 MP: 7/7
  3705 | D:5      | Noticed a slime creature
  3705 | D:5      | Noticed a slime creature
  3727 | D:5      | Slain by a slime creature

Skill      XL: |  1  2  3  4  5  6  7 |
---------------+----------------------+-----
Axes           | 2 3 4 |  4.6
Fighting       | 4 5 6 |  6.0
Shields        | 4 5 6 |  6.0
Armour         | |  3.2

Action                   |  1- 3 |  4- 6 |  7- 9 || total
-------------------------+-------+-------+-------++-------
Melee: War axe           |   111 |   222 |    87 ||   420
  Use: Scroll            |       |     4 |       ||     4
  Eat: Chunk             |     1 |     7 |     2 ||    10
Armor: Scale mail        |    91 |   163 |    53 ||   307
Dodge: Dodged            |    48 |    67 |    26 ||   141
Block: Shield            |    83 |   134 |    57 ||   274
